 Dungeon Crawl Stone Soup version 0.31-a0-1068-g5939ac1fb6 (webtiles) character file.

Game seed: 3294913839756758132

25 Gladio the Trooper (level 2, -1/24 HPs)
             Began as a Demonspawn Fighter on Nov 23, 2023.
             Succumbed to a kobold's poison
             ... on level 2 of the Dungeon.
             The game lasted 00:01:23 (1033 turns).

Gladio the Trooper (Demonspawn Fighter)             Turns: 1033, Time: 00:01:23

Health: -1/24      AC:  6    Str: 15 (16) XL:     2   Next: 82%
Magic:  2/2        EV:  8    Int:  8 (9)  God:
Gold:   34         SH:  4    Dex: 11 (12) Spells: 1/1 levels left

rFire   . . .        a - +0 flail
rCold   . . .        c - +0 buckler
rNeg    . . .        b - +0 scale mail
rPois   .            (no helmet)
rElec   .            (no cloak)
rCorr   .            (no gloves)
SInv    .            (no boots)
Will    .....        (no amulet) Stlth
                     (no ring)
HPRegen 0.24/turn    (no ring)
MPRegen 0.08/turn

%: no passive effects
@: lethally poisoned (-1 -> -13)
A: powered by pain 1
a: no special abilities


You were on level 2 of the Dungeon.
You visited 1 branch of the dungeon, and saw 2 of its levels.

You collected 34 gold pieces.

Inventory:

Hand Weapons
 a - a +0 flail (weapon)
Armour
 b - a +0 scale mail (worn)
 c - a +0 buckler (worn)
Scrolls
 f - a scroll of poison {unknown}
 h - a scroll of identify {unknown}
 i - a scroll of vulnerability {unknown}
Potions
 d - a potion of might
 e - a potion of curing {unknown}


   Skills:
 + Level 3.4 Fighting
 * Level 2.7 Maces & Flails
 - Level 2.6 Armour
 - Level 2.6 Shields


You had one spell level left.
You didn't know any spells.
Your spell library was empty.

Dungeon Overview and Level Annotations

Branches:
Dungeon (2/15)

Altars:

Shops:
D:1 =


Innate Abilities, Weirdness & Mutations

You sometimes gain a little power by taking damage.


Message History

The ball python barely misses you. The ball python constricts you.
The bat hits you but does no damage.
You barely miss the ball python.
The ball python is moderately wounded.
The bat hits you but does no damage. The ball python barely misses you.
The ball python constricts you. You block the bat's attack.
The ball python bites you. The ball python constricts you.
You sock the ball python!
You kill the ball python!
The bat completely misses you. The frilled lizard bites you.
You miss the frilled lizard. The bat barely misses you.
The frilled lizard barely misses you.
You barely miss the frilled lizard. The bat hits you but does no damage.
The frilled lizard closely misses you.
You miss the frilled lizard. The bat hits you but does no damage.
The frilled lizard bites you. You block the frilled lizard's attack.
The kobold hits you but does no damage.
You are poisoned.
You hit the kobold but do no damage.
You feel sick. The bat barely misses you.
The kobold hits you with a +2 dagger of venom.
You are more poisoned.
The frilled lizard closely misses you.
You barely miss the kobold.
You feel very sick. The bat hits you but does no damage.
The kobold hits you with a +2 dagger of venom.
You are lethally poisoned!
The frilled lizard bites you but does no damage.
You block the bat's attack.
* * * LOW HITPOINT WARNING * * *
You feel very sick. The bat hits you but does no damage.
Unknown command.
* * * LOW HITPOINT WARNING * * *
You feel very sick.
Unknown command.
It was a potion of degeneration.
There was something very wrong with that liquid.
You feel weakened.
You feel dopey.
You feel clumsy.
You die...

## ##.###.#.#
#........ #.#..#$.# #
#.#..#..# ...
#@#.....#
.....###.#.#...######
$<....lKb..#...†...<#
.......#...........)#
...........#........+
.........<....####.##
..[..?##.....## #.#
####.. #...### #.#
#!......# #>#


You could see a bat and a kobold.

Vanquished Creatures
  2 dart slugs
  3 ball pythons
  A bat (D:1)
  An endoplasm (D:1)
  A giant cockroach (D:1)
  A goblin (D:1)
  A hobgoblin (D:1)
  4 jackals (D:1)
  4 kobolds (D:1)
  A rat (D:1)
19 creatures vanquished.

Notes
Turn   | Place    | Note
-------+----------+-------------------------------------------
     0 | D:1      | Gladio the Demonspawn Fighter began the quest for the Orb.
     0 | D:1      | Reached XP level 1. HP: 18/18 MP: 1/1
   123 | D:1      | Gained mutation: You sometimes gain a little power by
                  | taking damage. [demonic ancestry]
   123 | D:1      | Reached XP level 2. HP: 20/24 MP: 2/2
   162 | D:1      | Found Lieloode's Jewellery Emporium.
  1033 | D:2      | Succumbed to a kobold's poison

Illustrated notes

Levels and vault maps discovered:
D:1:      wheals_arrival_shading, layout_basic, serial_shops,
          nicolae_shop_rolling_square
D:2:      layout_loops_cross, hellmonk_ecumenical_altar_pennies_from_heaven,
          kennysheep_generic_room_2

Skill      XL: |  1 |
---------------+----+-----
Maces & Flails | 2 |  2.7
Fighting       | |  3.4
Armour         | |  2.6
Shields        | |  2.6

Action                     || total
---------------------------++-------
  Melee: Flail             ||    64
    Use: Potion            ||     1
 Armour: Scale mail        ||    54
  Dodge: Dodged            ||    27
  Block: Buckler           ||    22

Table legend: (Time is in decaauts)
 A = Elapsed time spent in this place.
 B = Non-inter-level travel time spent in this place.
 C = Inter-level travel time spent in this place.
 D = Time resting spent in this place.
 E = Time spent auto-exploring this place.
 F = Levels seen in this place.
 G = Mean time per level.
                   A        B        C        D        E       F      G
               +--------+--------+--------+--------+--------+-----+--------+
         Total |   1053 |   1006 |     47 |      0 |    851 |   2 |  526.5 |
       Dungeon |   1053 |   1006 |     47 |      0 |    851 |   2 |  526.5 |
               +--------+--------+--------+--------+--------+-----+--------+

Top non-repeatable levels by time:
     D:1: 1021 daAuts
     D:2: 31 daAuts
